Map: Catalisador LE

Players

DakkoN - Winner!

  • Race: Zerg Zerg
  • League: Master
  • Spawn Location: 5:00

I.A. 2 (Muito fácil)

  • Race: Protoss Protoss
  • Spawn Location: 11:00

VOD

Have the link to the VOD?

Description

Time

  • Played on: April 20, 2018, 7:34 a.m.
  • Length: 8:02
Show
View Real Time Build Order
Export as new Build Order

DakkoN Zerg - Winner!

Build Orders: Hatch First 

Get SALT Encoding   

  12  0:01  Drone  
  13  0:13  Overlord  
  13  0:20  Drone  
  14  0:31  Drone x2  
  16  0:36  Drone  
  17  0:53  Hatchery  
  17  0:56  Drone  
  17  0:58  Drone  
  18  1:10  Extractor  
  17  1:15  Spawning Pool  
  16  1:19  Drone  
  16  1:21  Drone  
  18  1:28  Drone  
  19  1:39  Overlord  
  19  2:02  Queen  
  19  2:03  Zergling x4  
  19  2:04  Queen  
  19  2:05  Drone  
  26  2:11  Drone  
  26  2:12  Metabolic Boost  
  27  2:16  Drone  
  27  2:22  Drone  
  29  2:26  Drone  
  30  2:33  Drone  
  31  2:41  Hatchery  
  30  2:45  Drone x2  
  32  2:54  Drone  
  32  2:55  Drone  
  34  2:59  Drone  
  34  3:04  Overlord  
  35  3:09  Drone  
  36  3:23  Drone  
  36  3:24  Drone x5  
  42  3:27  Drone  
  43  3:39  Overlord x2  
  43  3:45  Spore Crawler  
  43  3:47  Lair  
  42  3:50  Extractor, Spore Crawler  
  42  3:52  Extractor  
  42  3:54  Roach Warren  
  42  3:55  Queen, Evolution Chamber  
  39  3:56  Drone x5  
  39  3:58  Drone  
  39  3:59  Drone  
  46  4:04  Drone  
  46  4:06  Drone  
  46  4:07  Drone  
  49  4:21  Drone x2  
  51  4:28  Drone  
  51  4:29  Drone x6  
  58  4:45  Glial Reconstitution  
  58  4:47  Zerg Missile Weapons Level 1  
  58  4:48  Roach  
  58  4:49  Roach x3  
  58  4:52  Overlord x3  
  66  5:06  Spore Crawler  
  65  5:11  Roach x2  
  65  5:12  Roach x6  
  81  5:16  Drone  
  81  5:17  Roach  
  81  5:18  Roach  
  86  5:24  Roach  
  86  5:25  Roach  
  90  5:40  Overlord x2  
  90  5:48  Extractor  
  90  5:49  Overlord  
  89  5:50  Overlord x2  
  89  5:55  Overlord x2  
  89  5:57  Drone  
  89  5:59  Roach  
  89  6:00  Roach x7  
  106  6:12  Roach  
  106  6:13  Roach x5  
  106  6:17  Roach  
  120  6:25  Roach  
  122  6:26  Roach x4  
  130  6:37  Roach  
  130  6:38  Roach x6  
  144  6:58  Roach  
  144  7:00  Overlord x4  
  144  7:01  Overlord  
  145  7:27  Roach  
  145  7:28  Roach x9  
Show
View Real Time Build Order
Export as new Build Order

I.A. 2 (Muito fácil) Protoss 

Build Orders:  

Get SALT Encoding   

  12  0:00  Probe  
  13  0:13  Probe  
  14  0:21  Pylon  
  14  0:36  Assimilator  
  14  0:43  Gateway  
  14  0:46  Pylon  
  14  1:13  Assimilator  
  14  1:16  Probe  
  14  1:24  Probe  
  15  1:32  Probe, Cybernetics Core  
  17  1:42  Probe  
  18  1:53  Probe  
  18  1:58  Warp Gate  
  19  2:01  Probe  
  20  2:09  Stalker  
  22  4:13  Probe  
  22  5:31  Zealot  
  22  5:33  Pylon, Probe  
  25  5:36  Robotics Facility  
  25  5:45  Probe  
  25  5:57  Probe  
  26  6:06  Probe  
  25  6:14  Probe  
  25  6:23  Observer, Probe  
  25  6:24  Pylon  
  27  6:27  Zealot  
  29  6:36  Probe  
  30  6:45  Observer  
  31  6:48  Probe  
  32  7:00  Probe  
  31  7:09  Zealot  
  31  7:13  Pylon  
  31  7:15  Probe  
  29  7:20  Pylon  
  26  7:31  Probe  
  24  7:39  Pylon  
Tags
 
League
Master
Matchup
PvZ
Spawn Locations
Cross Positions
Add a new tag
Caveats
  • Supply blocks, unpowered buildings, or Contaminate may cause inaccurate times.
  • Supply counts are checked every 10 seconds.